 Dungeon Crawl Stone Soup version 0.30-a0-377-g5cb311bc9f (webtiles) character file.

Game seed: 7641678760198864093

16637 Decritt the Fighter (level 12, -10/99 HPs)
             Began as a Djinni Air Elementalist on Nov 27, 2022.
             Was a Follower of Makhleb.
             Mangled by Frances
             ... wielding a +1 vorpal long sword
              (22 damage)
             ... on level 12 of the Dungeon.
             The game lasted 00:52:00 (16395 turns).

Decritt the Fighter (Djinni Air Elementalist)      Turns: 16395, Time: 00:52:00

Health: -10/99     AC: 14    Str: 11    XL:     12   Next: 72%
Gold:   333        EV: 17    Int: 24    God:    Makhleb [*.....] SH:  0 Dex: 10

rFire   + + .      SeeInvis +    n - staff of cold
rCold   . . .      Faith    .    (no shield)
rNeg    . . .      Spirit   .    C - +3 troll leather armour {Snorg}
rPois   ∞          Reflect  .    h - +0 helmet
rElec   .          Harm     .    p - +2 cloak of Dishonour {Str+4 Int+2 Dex-4}
rCorr   .          Rampage  .    v - +1 pair of gloves
Will    +....                    (boots unavailable)
Stlth   +.........               (no amulet)
HPRegen 1.16/turn                j - ring of see invisible
MPRegen 0.00/turn                s - +4 ring of evasion

@: flying
A: sickness immunity, fire resistance 2, cold vulnerability 1, float, innate
caster, HP casting, extra vitality 1
a: Renounce Religion


You were on level 12 of the Dungeon.
You worshipped Makhleb.
Makhleb was aware of your devotion.
You visited 2 branches of the dungeon, and saw 13 of its levels.
You also visited: Ossuary and Bailey.

You collected 872 gold pieces.
You spent 539 gold pieces at shops.

Inventory:

Armour
 h - a +0 helmet (worn)
 o - an orb of guile
 p - the +2 cloak of Dishonour (worn) {Str+4 Int+2 Dex-4}
   (You bought it in a shop on level 2 of the Dungeon)

   Str:       It affects your strength (+4).
   Int:       It affects your intelligence (+2).
   Dex:       It affects your dexterity (-4).
 v - a +1 pair of gloves (worn)
 C - a +3 troll leather armour (worn) {Snorg}
Magical Staves
 f - a staff of air
 n - a staff of cold (weapon)
Jewellery
 j - a ring of see invisible (left hand)
 s - a +4 ring of evasion (right hand)
Wands
 g - a wand of flame (33)
 z - a wand of paralysis (13)
 B - a wand of acid (2)
Scrolls
 a - a scroll of poison
 l - a scroll of magic mapping
 q - 4 scrolls of immolation
 r - 2 scrolls of identify
 x - 2 scrolls of fog
 y - 3 scrolls of teleportation
Potions
 c - 5 potions of curing
 d - 3 potions of haste
 e - 2 potions of invisibility
 i - 6 potions of mutation
 k - 2 potions of ambrosia
 m - 5 potions of resistance
 t - 3 potions of brilliance
 w - a potion of lignification


   Skills:
 * Level 13.9 Fighting
 + Level 5.3 Armour
 + Level 6.4 Dodging
 - Level 1.5 Stealth
 * Level 9.6 Spellcasting


You had 6 spell levels left.
You knew the following spells:

 Your Spells              Type           Power      Damage    Failure   Level
a - Airstrike             Air            27%        2d(4-20)  1%          4
b - Lightning Bolt        Conj/Air       27%        1d44      3%          5
c - Shock                 Conj/Air       100%       1d9       1%          1
d - Necrotise             Necr           100%       1d9       1%          1
e - Blink                 Tloc           100%       N/A       1%          2
f - Dazzling Flash        Conj/Hex       100%       N/A       1%          3
g - Gell's Gravitas       Tloc           55%        N/A       1%          3
h - Static Discharge      Conj/Air       100%       2-7/arc   1%          2
s - Swiftness             Air            55%        N/A       1%          3
Your spell library was empty.

Dungeon Overview and Level Annotations

Branches:
Dungeon (12/15)            Temple (1/1) D:7            Lair (0/5) D:11
    Orc (0/2) D:10        Ossuary (visited)          Bailey (visited)

Altars:
Ashenzari
Cheibriados
Dithmenos
Elyvilon
Fedhas
Gozag
Hepliaklqana
Makhleb
Nemelex Xobeh
Okawaru
Qazlal
Ru
Trog
Uskayaw
Wu Jian
Xom
Yredelemnul
Zin
The Shining One

Shops:
D:2 [?   D:5 [   D:6 :

Annotations:
D:5 2 transporters
D:12 Frances


Innate Abilities, Weirdness & Mutations

You are immune to sickness and miasma.
You are immune to poison.
Your flesh is very heat resistant. (rF++)
You are vulnerable to cold. (rC-)
You float through the air rather than walking.
You learn spells naturally, not from books.
Your magical power is your life essence.
You have superior vitality. (+4 MHP)


Message History

Frances misses you.
Casting: Lightning Bolt (dangerous; 3% risk of failure)
Confirm with . or Enter, or press ? or * to list all spells.
Aiming: Lightning Bolt (dangerous; 3% risk of failure)
Press: ? - help, Shift-Dir - straight line, f/p - Frances
Aim: Frances, wielding a +1 vorpal long sword and wearing a +0 ring mail (almost dead, fast, 69% to hit)
The bolt of lightning hits Frances.
Frances is almost dead.
* * * LOW HITPOINT WARNING * * *
Frances mutters a nigh-unspeakable word.
Frances hits you but does no damage.
Frances hits you with a +1 vorpal long sword.
* * * LOW HITPOINT WARNING * * *
* * * LOW HITPOINT WARNING * * *
Casting: Lightning Bolt (dangerous; 3% risk of failure)
Confirm with . or Enter, or press ? or * to list all spells.
Aiming: Lightning Bolt (dangerous; 3% risk of failure)
Press: ? - help, Shift-Dir - straight line, f/p - Frances
Aim: Frances, wielding a +1 vorpal long sword and wearing a +0 ring mail (almost dead, fast, 69% to hit)
The bolt of lightning misses Frances.
* * * LOW HITPOINT WARNING * * *
Frances completely misses you.
You feel better.
Frances whispers indecipherable words.
Frances completely misses you.
Casting: Lightning Bolt (dangerous; 3% risk of failure)
Confirm with . or Enter, or press ? or * to list all spells.
Aiming: Lightning Bolt (dangerous; 3% risk of failure)
Press: ? - help, Shift-Dir - straight line, f/p - Frances
Aim: Frances, wielding a +1 vorpal long sword and wearing a +0 ring mail (almost dead, fast, 69% to hit)
The bolt of lightning hits Frances!!
Frances is almost dead.
* * * LOW HITPOINT WARNING * * *
Frances hits you with a +1 vorpal long sword!
* * * LOW HITPOINT WARNING * * *
* * * LOW HITPOINT WARNING * * *
The orange demon barely misses you.
You feel better.
Frances hits you with a +1 vorpal long sword!!
You die...

###)....#.. ..##
#.......#..
..######.#........
..##...#.######...
..##.....# #...
#.####.### #...
#.#....# ###.
#.#.#### ## ##@#.#
# #..@.#.# #
#.3.4..# #
#!###### # #. # #.
#. #.


You could see Frances (fast), an orange demon (summoned) and a smoke demon
(summoned).

Vanquished Creatures
  Snorg (D:10)
  Harold (D:10)
  Erica (D:9)
  A two-headed ogre (D:10)
  A boulder beetle (D:11)
  Urug (D:10)
  Sonja (D:12)
  2 deep elf pyromancers (D:12)
  2 cyclopes
  2 manticores
  A gargoyle (D:10)
  Psyche (D:8)
  Maggie (D:10)
  An unseen horror (D:12)
  2 komodo dragons
  2 trolls
  2 hornets
  2 slime creatures (D:12)
  A shadow (D:12)
  A wraith (D:11)
  17 yaks
  A wyvern (D:9)
  A basilisk (D:12)
  A vampire mosquito (D:10)
  Menkaure (D:7)
  An acid dragon (D:11)
  2 water moccasins (D:8)
  4 orc warriors
  4 ogres
  6 centaurs
  3 phantoms
  A kobold brigand (D:8)
  3 bullfrogs
  A scorpion (D:6)
  A necrophage (D:4)
  5 wights
  11 killer bees
  3 howler monkeys
  Crazy Yiuf (D:5)
  5 hounds
  4 orc priests
  A gnoll bouda (D:9)
  4 human zombies (Ossuary)
  2 iguanas
  5 orc wizards
  5 mummies
  10 gnolls
  7 adders
  A white imp (D:8)
  An ufetubus (D:4)
  2 worms
  4 dart slugs
  40 orcs
  5 ball pythons
  7 endoplasms
  4 giant cockroaches
  A gnoll zombie (Ossuary)
  15 goblins
  12 hobgoblins
  2 jackals (D:5)
  3 quokkas
  5 bats
  A frilled lizard (D:1)
  A goblin zombie (Ossuary)
  2 hobgoblin zombies
  23 kobolds
  2 orc zombies
  20 rats
288 creatures vanquished.

Vanquished Creatures (others)
  A plant (D:6)
1 creature vanquished.

Grand Total: 289 creatures vanquished

Notes
Turn   | Place    | Note
-------+----------+-------------------------------------------
     0 | D:1      | Decritt the Djinni Air Elementalist began the quest for the
                  | Orb.
     0 | D:1      | Decritt set off with the following spells memorised: Shock,
                  | Static Discharge, Swiftness, Airstrike.
     0 | D:1      | Reached XP level 1. HP: 15/15 MP: 0/0
   182 | D:1      | Reached XP level 2. HP: 20/22 MP: 0/0
   192 | D:1      | Reached skill level 1 in Fighting
   568 | D:1      | Reached XP level 3. HP: 25/27 MP: 0/0
   568 | D:1      | Learned a level 1 spell: Necrotise
   723 | D:1      | Found a faded altar of an unknown god.
   953 | D:1      | Reached skill level 2 in Fighting
  1221 | D:2      | Found Itwarecy's Antique Armour Shoppe.
  1226 | D:2      | Found Honow's Magic Scroll Shoppe.
  1234 | D:2      | Bought a scroll of identify for 28 gold pieces
  1234 | D:2      | Bought a scroll of identify for 28 gold pieces
  1257 | D:2      | Reached XP level 4. HP: 32/33 MP: 0/0
  1431 | D:2      | Found a glowing silver altar of Zin.
  1942 | D:3      | Reached skill level 3 in Fighting
  1942 | D:3      | Reached XP level 5. HP: 31/40 MP: 0/0
  1942 | D:3      | Learned a level 2 spell: Blink
  1979 | D:3      | Found a white marble altar of Elyvilon.
  2723 | D:3      | Found a blossoming altar of Fedhas.
  2742 | D:3      | Reached XP level 6. HP: 34/46 MP: 0/0
  3092 | D:4      | Reached skill level 4 in Fighting
  3387 | D:4      | Reached XP level 7. HP: 32/53 MP: 0/0
  3387 | D:4      | Learned a level 3 spell: Dazzling Flash
  3826 | D:5      | Entered Level 5 of the Dungeon
  3836 | D:4      | Reached skill level 5 in Fighting
  4215 | D:5      | Found a runed translucent door.
  4216 | D:5      | Noticed Crazy Yiuf
  4228 | D:5      | Killed Crazy Yiuf
  4229 | D:5      | Reached skill level 1 in Armour
  4296 | D:5      | Identified the +12 hammer of Cobwebs {vamp, Dex+5}
  4386 | D:5      | Found a snail-covered altar of Cheibriados.
  4397 | D:5      | Found Areikh's Antique Armour Boutique.
  4412 | D:5      | Found a transporter.
  4506 | D:5      | Found a transporter.
  4513 | D:5      | Found a broken altar of Ashenzari.
  4644 | D:5      | Reached XP level 8. HP: 48/60 MP: 0/0
  4763 | D:5      | Reached skill level 5 in Spellcasting
  4854 | D:5      | Found an opulent altar of Gozag.
  5002 | D:2      | Bought a fine cloak for 180 gold pieces
  5002 | D:2      | Identified the +2 cloak of Dishonour {Str+4 Int+2 Dex-4}
                  | (You bought it in a shop on level 2 of the Dungeon)
  5390 | D:6      | Identified the +4 trident of Pride {antimagic, *Slow Int+4
                  | Dex+4 Stlth+}
  5583 | D:6      | Reached skill level 6 in Fighting
  5980 | D:6      | Found Sac Kint's Tremendous Tomes.
  6573 | D:6      | Identified the +0 robe "Demus" {rN+ Int+2}
  6857 | D:7      | Found a sand-covered staircase.
  6863 | Ossuary  | Entered an ossuary
  6936 | Ossuary  | Reached XP level 9. HP: 50/67 MP: 0/0
  6936 | Ossuary  | Learned a level 3 spell: Gell's Gravitas
  7837 | D:7      | Noticed a hornet
  7847 | D:7      | Killed a hornet
  7848 | D:7      | Reached skill level 7 in Fighting
  7994 | D:7      | Found a stormy altar of Qazlal.
  8007 | D:7      | Found a staircase to the Ecumenical Temple.
  8016 | Temple   | Entered the Ecumenical Temple
  8544 | D:7      | Noticed Menkaure
  8547 | D:7      | Killed Menkaure
  9208 | D:8      | Reached skill level 5 in Dodging
  9394 | D:8      | Found a shadowy altar of Dithmenos.
  9424 | D:8      | Reached skill level 8 in Fighting
  9801 | D:8      | Reached XP level 10. HP: 72/76 MP: 0/0
 10103 | D:8      | Found a glowing golden altar of the Shining One.
 10233 | D:8      | Noticed Psyche
 10237 | D:8      | Killed Psyche
 10238 | D:8      | Reached skill level 9 in Fighting
 11391 | D:9      | Noticed Erica
 11403 | D:9      | Killed Erica
 11404 | D:9      | Reached skill level 10 in Fighting
 12212 | D:9      | Found a bloodstained altar of Trog.
 12529 | D:9      | Found a sparkling altar of Nemelex Xobeh.
 12529 | D:9      | Found a burning altar of Makhleb.
 12534 | D:9      | Found a hazy altar of Hepliaklqana.
 12537 | D:9      | Became a worshipper of Makhleb the Destroyer
 12541 | D:9      | Found a glowing silver altar of Zin.
 12543 | D:9      | Found an ornate altar of the Wu Jian Council.
 12565 | D:9      | Reached XP level 11. HP: 82/86 MP: 0/0
 12565 | D:9      | Learned a level 5 spell: Lightning Bolt
 12600 | D:9      | Reached skill level 11 in Fighting
 13002 | D:10     | Entered Level 10 of the Dungeon
 13002 | D:10     | Noticed Urug
 13008 | D:10     | Killed Urug
 13177 | D:10     | Found a flagged portal.
 13247 | Bailey   | Entered a bailey
 13552 | D:10     | Noticed Maggie
 13778 | D:10     | Noticed Harold
 13781 | D:10     | Killed Harold
 13782 | D:10     | Reached skill level 12 in Fighting
 13832 | D:10     | Killed Maggie
 13834 | D:10     | Reached * piety under Makhleb
 13904 | D:10     | Noticed a two-headed ogre
 13941 | D:10     | Noticed Snorg
 13953 | D:10     | Killed a two-headed ogre
 13954 | D:10     | Killed Snorg
 14285 | D:5      | Bought a glowing cloak for 247 gold pieces
 14356 | D:2      | Bought a scroll of fog for 56 gold pieces
 14597 | D:10     | Found a staircase to the Orcish Mines.
 14856 | D:11     | Found a staircase to the Lair.
 14869 | D:11     | Noticed a cyclops
 14873 | D:11     | Killed a cyclops
 14890 | D:11     | Noticed a boulder beetle
 14898 | D:11     | Killed a boulder beetle
 14899 | D:11     | Reached skill level 13 in Fighting
 14899 | D:11     | Reached XP level 12. HP: 70/98 MP: 0/0
 14978 | D:11     | Noticed a boulder beetle
 16003 | D:12     | Noticed Sonja
 16011 | D:12     | Killed Sonja
 16128 | D:12     | Reached skill level 5 in Armour
 16377 | D:12     | Noticed Frances
 16394 | D:12     | HP: 2/99 [Frances/+1 vorpal long sword (4)]
 16395 | D:12     | Mangled by Frances

Illustrated notes

Levels and vault maps discovered:
D:1:      dpeg_arrival_triangle_fractal, layout_loops_ring,
          hellmonk_ecumenical_altar_defaced_shrine, minmay_rat_gold_closets
D:2:      layout_rooms, basic_altar, serial_shops, shop, nicolae_shop_trees
D:3:      layout_basic, elyvilon_altar_3, overflow_temple_1_default
D:4:      layout_basic
D:5:      layout_rooms, marbit_many_paths, gammafunk_temple_overflow_arena,
          mainiacjoe_overflow_alcove_2, serial_shops, shop,
          grunt_decor_fettered, hangedman_minor_gate_pass,
          uniq_crazy_yiuf_cottage
D:6:      corexii_shantytown, layout_basic, nicolae_shop_i_like_big_books
D:7:      layout_loops_corners, nicolae_qazlal_general_emergency,
          minmay_temple_entry_tees, nicolae_ossuary_entry_giza, nrook_uturn,
          uniq_menkaure
D:8:      layout_layer_cave, lemuel_doored_altar, overflow_temple_1_default,
          uniq_psyche
D:9:      layout_loops_cross, trog_book, chequers_temple_overflow_minitemple,
          st_stairs_6, kennysheep_flooded_box, kb_lookout_dungeons_type,
          uniq_erica
D:10:     layout_rooms, nicolae_vehumet_radiance, orc_0_dummy, enter_bailey_4,
          minmay_increasing_density, uniq_maggie, uniq_harold, uniq_snorg,
          uniq_urug
D:11:     layout_basic, lair_entry_dummy
D:12:     layout_basic, uniq_sonja, uniq_frances
Temple:   hellmonk_temple_two_chambers

Skill      XL: |  1  2  3  4  5  6  7  8  9 10 11 12 |
---------------+-------------------------------------+-----
Fighting       | 1 2 3 4 5 6 8 10 13 | 13.9
Spellcasting   | 3 4 5 6 7 8 9 |  9.6
Armour         | 1 2 3 4 5 |  5.3
Dodging        | 3 5 6 |  6.4
Stealth        | |  1.5

Action                   |  1- 3 |  4- 6 |  7- 9 | 10-12 || total
-------------------------+-------+-------+-------+-------++-------
Melee: Staff             |     1 |       |       |       ||     1
       Trident           |       |       |     3 |       ||     3
 Cast: Shock             |    71 |   120 |   148 |     8 ||   347
       Static Discharge  |       |     5 |     7 |       ||    12
       Blink             |       |       |     4 |     2 ||     6
       Airstrike         |       |       |   103 |   179 ||   282
       Swiftness         |       |       |     1 |     3 ||     4
       Lightning Bolt    |       |       |       |    87 ||    87
  Use: Scroll            |     5 |     5 |    10 |     5 ||    25
       Potion            |       |       |     3 |     8 ||    11
Armor: Robe              |       |     8 |    21 |     9 ||    38
       Troll leather arm |       |       |       |     9 ||     9
Dodge: Dodged            |     7 |    19 |    59 |    66 ||   151

Table legend: (Time is in decaauts)
 A = Elapsed time spent in this place.
 B = Non-inter-level travel time spent in this place.
 C = Inter-level travel time spent in this place.
 D = Time resting spent in this place.
 E = Time spent auto-exploring this place.
 F = Levels seen in this place.
 G = Mean time per level.
                   A        B        C        D        E       F      G
               +--------+--------+--------+--------+--------+-----+--------+
         Total |  16401 |  15623 |    778 |   5654 |   7720 |  15 | 1093.4 |
       Dungeon |  15515 |  14737 |    778 |   5153 |   7518 |  12 | 1292.9 |
        Temple |     19 |     19 |      0 |      0 |     11 |   1 |   19.0 |
       Ossuary |    841 |    841 |      0 |    501 |    191 |   1 |  841.0 |
        Bailey |     24 |     24 |      0 |      0 |      0 |   1 |   24.0 |
               +--------+--------+--------+--------+--------+-----+--------+

Top non-repeatable levels by time:
     D:8: 2342 daAuts
     D:9: 1910 daAuts
    D:10: 1865 daAuts
     D:6: 1677 daAuts
     D:4: 1349 daAuts
     D:7: 1246 daAuts
     D:1: 1205 daAuts
     D:3: 1053 daAuts
     D:2: 940 daAuts
 Ossuary: 841 daAuts
     D:5: 795 daAuts
    D:11: 733 daAuts
    D:12: 394 daAuts
  Bailey: 24 daAuts
  Temple: 19 daAuts
